| TOP OF THE 1ST |
|
Kane County Cougars batting - Pitching for Hartford Yard Goats : LHP Marc Eismann
|
|
Pitching: LHP Marc Eismann
|
|
|
Batting: RHB Ernesto Zamora
|
0-0: SINGLE (Flyball, 7LS, EV 91.9 MPH)
|
|
Batting: RHB Larry Hardman
|
0-0: Ball 1-0: Ball 2-0: Foul Ball, location: 2F 2-1: Swinging Strike 2-2: Foul Ball, location: 2F 2-2: Strikes out swinging
|
|
Batting: RHB Paul Schreiber
|
0-0: Foul Ball, location: 2F 0-1: Called Strike 0-2: Ball 1-2: Foul Ball, location: 2F 1-2: Ground out 6-3 (Groundball, 6S, EV 63.1 MPH) Ernesto Zamora to second
|
|
Batting: SHB Evan Armagost
|
0-0: Called Strike 0-1: Ball 1-1: Foul Ball, location: 2F 1-2: Foul Ball, location: 2F 1-2: Strikes out swinging
|
| Top of the 1st over - 0 runs, 1 hit, 0 errors, 1 left on base; Kane County 0 - Hartford 0 |
| BOTTOM OF THE 1ST |
|
Hartford Yard Goats batting - Pitching for Kane County Cougars : RHP Rick Foster
|
|
Pitching: RHP Rick Foster
|
|
|
Batting: LHB Steve Gilliam
|
0-0: Ball 1-0: Ground out 4-3 (Groundball, 4, EV 102.5 MPH)
|
|
Batting: RHB Ryan Rinaldi
|
0-0: Called Strike 0-1: Foul Ball, location: 2F 0-2: SINGLE (Line Drive, 56D, EV 100.0 MPH)
|
|
Batting: RHB Ernest Olkowicz
|
0-0: Ball Ryan Rinaldi is caught stealing 2nd base 2-4 1-0: Ball 2-0: Foul Ball, location: 2F 2-1: Reached on error, E3 (Groundball, 34, EV 81.9 MPH)
|
|
Batting: LHB Zack Guillen
|
0-0: Foul Ball, location: 2F 0-1: Ground out 4-3 (Groundball, 4, EV 98.8 MPH)
|
| Bottom of the 1st over - 0 runs, 1 hit, 1 error, 1 left on base; Kane County 0 - Hartford 0 |
| TOP OF THE 2ND |
|
Kane County Cougars batting - Pitching for Hartford Yard Goats : LHP Marc Eismann
|
|
Batting: RHB Sergio Manzanero
|
0-0: Called Strike 0-1: Ball 1-1: Ball 2-1: Ball 3-1: Fly out, F7 (Line Drive, 78D, EV 96.2 MPH)
|
|
Batting: LHB Enrique Ponce
|
0-0: Called Strike 0-1: Ball 1-1: Ball 2-1: Ball 3-1: Base on Balls
|
|
Batting: LHB Jeff Harmon
|
0-0: Swinging Strike 0-1: Swinging Strike 0-2: Strikes out swinging
|
|
Batting: LHB Tae-geun Kwang
|
0-0: Called Strike Enrique Ponce is caught stealing 2nd base 2-6
|
| Top of the 2nd over - 0 runs, 0 hits, 0 errors, 0 left on base; Kane County 0 - Hartford 0 |
| BOTTOM OF THE 2ND |
|
Hartford Yard Goats batting - Pitching for Kane County Cougars : RHP Rick Foster
|
|
Batting: SHB Pete Perla
|
0-0: Ball 1-0: Called Strike 1-1: Ground out 4-3 (Groundball, 4, EV 106.2 MPH)
|
|
Batting: SHB Morgan Batson
|
0-0: Ball 1-0: Ball 2-0: Foul Ball, location: 2F 2-1: SINGLE (Groundball, 4MD, EV 98.8 MPH)
|
|
Batting: RHB Andy Solorzano
|
0-0: Ball 1-0: Swinging Strike 1-1: Ball 2-1: Called Strike 2-2: Ball 3-2: Base on Balls Morgan Batson to second
|
|
Pitching: LHP Heath Henderson
|
|
|
Batting: RHB Justin Pellman
|
0-0: Ball 1-0: Ball 2-0: Called Strike 2-1: Ball 3-1: Called Strike 3-2: DOUBLE (Line Drive, 5D, EV 97.5 MPH) Morgan Batson scores Andy Solorzano to third Runner from 3rd tries for Home, SAFE, no throw by LF
|
|
Batting: RHB Chris Kinder
|
0-0: Ball 1-0: Called Strike 1-1: SINGLE (Line Drive, 34D, EV 99.4 MPH) Justin Pellman to third
|
|
Batting: LHB Steve Gilliam
|
0-0: Ball 1-0: Fielders Choice at 2nd, 6-4 (Groundball, 6, EV 80.6 MPH) Justin Pellman scores
|
|
Batting: RHB Ryan Rinaldi
|
0-0: Ball 1-0: Ball Steve Gilliam steals 2nd base 2-0: Ball 3-0: Called Strike 3-1: Base on Balls
|
|
Batting: RHB Ernest Olkowicz
|
0-0: Fly out, F9 (Flyball, 9D, EV 102.5 MPH)
|
| Bottom of the 2nd over - 3 runs, 3 hits, 0 errors, 2 left on base; Kane County 0 - Hartford 3 |
| TOP OF THE 3RD |
|
Kane County Cougars batting - Pitching for Hartford Yard Goats : LHP Marc Eismann
|
|
Batting: LHB Tae-geun Kwang
|
0-0: Ball 1-0: Called Strike 1-1: Ground out 5-3 (Groundball, 56, EV 87.5 MPH)
|
|
Batting: LHB Omar Marquez
|
0-0: Ball 1-0: Ground out 4-3 (Groundball, 4M, EV 90.0 MPH)
|
|
Batting: RHB Ernesto Zamora
|
0-0: Ball 1-0: Called Strike 1-1: Foul Ball, location: 2F 1-2: Strikes out swinging
|
| Top of the 3rd over - 0 runs, 0 hits, 0 errors, 0 left on base; Kane County 0 - Hartford 3 |
| BOTTOM OF THE 3RD |
|
Hartford Yard Goats batting - Pitching for Kane County Cougars : LHP Heath Henderson
|
|
Batting: LHB Zack Guillen
|
0-0: Foul Ball, location: 2F 0-1: Swinging Strike 0-2: SINGLE (Line Drive, 7LS, EV 95.6 MPH)
|
|
Batting: SHB Pete Perla
|
0-0: 2-RUN HOME RUN (Flyball, 7D, EV 101.2 MPH), Distance : 384 ft
|
|
Batting: SHB Morgan Batson
|
0-0: Ball 1-0: Swinging Strike 1-1: Swinging Strike 1-2: Ball 2-2: Ground out U3 (Groundball, 3S, EV 82.5 MPH)
|
|
Pitching: RHP Cody Savastand
|
|
|
Batting: RHB Andy Solorzano
|
0-0: SOLO HOME RUN (Flyball, 9D, EV 96.2 MPH), Distance : 378 ft
|
|
Batting: RHB Justin Pellman
|
0-0: Called Strike 0-1: Fly out, F9 (Flyball, 9, EV 86.2 MPH)
|
|
Batting: RHB Chris Kinder
|
0-0: Ball 1-0: Foul Ball, location: 2F 1-1: Ball 2-1: Ball 3-1: Called Strike 3-2: Foul Ball, location: 2F 3-2: SINGLE (Groundball, 6MD, EV 103.1 MPH)
|
|
Batting: LHB Steve Gilliam
|
0-0: Ball 1-0: Called Strike 1-1: Ball 2-1: Swinging Strike 2-2: Foul Ball, location: 2F 2-2: SINGLE (Groundball, 6S, EV 72.5 MPH) (infield hit) Chris Kinder to second
|
|
Batting: RHB Ryan Rinaldi
|
0-0: SINGLE (Groundball, 6MD, EV 104.4 MPH) Chris Kinder to third Steve Gilliam to second Runner from 3rd tries for Home, SAFE, throw by CF to home
|
|
Batting: RHB Ernest Olkowicz
|
0-0: Ball 1-0: Called Strike 1-1: 3-RUN HOME RUN (Flyball, 78XD, EV 100.6 MPH), Distance : 388 ft
|
|
Pitching: LHP Afanasy Apatenko
|
|
|
Batting: LHB Zack Guillen
|
0-0: Ball 1-0: Ball 2-0: Foul Ball, location: 2F 2-1: Ball 3-1: Base on Balls
|
|
Batting: SHB Pete Perla
|
0-0: Swinging Strike 0-1: Ball 1-1: Swinging Strike 1-2: Ball 2-2: Ball 3-2: Foul Ball, location: 2F 3-2: Strikes out swinging
|
| Bottom of the 3rd over - 7 runs, 7 hits, 0 errors, 1 left on base; Kane County 0 - Hartford 10 |
| TOP OF THE 4TH |
|
Kane County Cougars batting - Pitching for Hartford Yard Goats : LHP Marc Eismann
|
|
Batting: RHB Larry Hardman
|
0-0: Foul Ball, location: 2F 0-1: Foul Ball, location: 2F 0-2: Ball 1-2: Foul Ball, location: 2F 1-2: Ball 2-2: SINGLE (Line Drive, 5L, EV 103.8 MPH)
|
|
Batting: RHB Paul Schreiber
|
0-0: Called Strike 0-1: Swinging Strike 0-2: Fly out, F7 (Flyball, 7LMF, EV 87.5 MPH)
|
|
Batting: SHB Evan Armagost
|
0-0: Called Strike 0-1: Ball Larry Hardman is caught stealing 2nd base 2-4 1-1: Ground out 5-3 (Groundball, 5, EV 85.6 MPH)
|
| Top of the 4th over - 0 runs, 1 hit, 0 errors, 0 left on base; Kane County 0 - Hartford 10 |
| BOTTOM OF THE 4TH |
|
Hartford Yard Goats batting - Pitching for Kane County Cougars : LHP Afanasy Apatenko
|
|
Batting: SHB Morgan Batson
|
0-0: Called Strike 0-1: Ball 1-1: Ball 2-1: SINGLE (Groundball, 34D, EV 103.8 MPH)
|
|
Batting: RHB Andy Solorzano
|
0-0: Ball 1-0: Ball 2-0: Ball 3-0: DOUBLE (Flyball, 78XD, EV 96.9 MPH) Morgan Batson to third
|
|
Pitching: RHP Shigezo Shoji
|
|
|
Batting: RHB Justin Pellman
|
0-0: Swinging Strike 0-1: Foul Ball, location: 2F 0-2: Fly out, F7 (Line Drive, 7S, EV 103.1 MPH)
|
|
Batting: RHB Chris Kinder
|
0-0: Ground out 3-1 (Groundball, 34, EV 91.2 MPH) Morgan Batson scores Andy Solorzano to third
|
|
Batting: LHB Steve Gilliam
|
0-0: Called Strike 0-1: Ball 1-1: Foul Ball, location: 2F 1-2: Ball 2-2: Ball 3-2: Base on Balls
|
|
Batting: RHB Ryan Rinaldi
|
0-0: Ball 1-0: Foul Ball, location: 2F 1-1: Foul Ball, location: 2F 1-2: Foul Ball, location: 2F 1-2: Ball 2-2: Foul Ball, location: 2F 2-2: Foul Ball, location: 2F 2-2: DOUBLE (Line Drive, 78D, EV 109.4 MPH) Andy Solorzano scores Steve Gilliam to third Runner from 3rd tries for Home, throw by CF and OUT! 8-6-2
|
| Bottom of the 4th over - 2 runs, 3 hits, 0 errors, 1 left on base; Kane County 0 - Hartford 12 |
| TOP OF THE 5TH |
|
Kane County Cougars batting - Pitching for Hartford Yard Goats : LHP Marc Eismann
|
|
Batting: RHB Sergio Manzanero
|
0-0: Called Strike 0-1: Called Strike 0-2: Strikes out swinging
|
|
Batting: LHB Enrique Ponce
|
0-0: Ball 1-0: Fly out, F9 (Flyball, 89M, EV 85.6 MPH)
|
|
Batting: LHB Jeff Harmon
|
0-0: Swinging Strike 0-1: Ball 1-1: Ball 2-1: Foul Ball, location: 2F 2-2: Strikes out swinging
|
| Top of the 5th over - 0 runs, 0 hits, 0 errors, 0 left on base; Kane County 0 - Hartford 12 |
| BOTTOM OF THE 5TH |
|
Hartford Yard Goats batting - Pitching for Kane County Cougars : RHP Shigezo Shoji
|
|
Pitching: LHP Steve Machol
|
|
|
Batting: RHB Ernest Olkowicz
|
0-0: Ball 1-0: Called Strike 1-1: Ball 2-1: Foul Ball, location: 2F 2-2: Foul Ball, location: 2F 2-2: Reached on error, E1 (Groundball, 13, EV 62.5 MPH)
|
|
Batting: LHB Zack Guillen
|
0-0: Ball 1-0: Ball 2-0: Ball 3-0: Called Strike 3-1: Fielders Choice at 2nd, 6-4 (Groundball, 6, EV 103.8 MPH)
|
|
Batting: SHB Pete Perla
|
0-0: Swinging Strike 0-1: Ball 1-1: Swinging Strike 1-2: Ball 2-2: Strikes out swinging
|
|
Batting: SHB Morgan Batson
|
0-0: SINGLE (Flyball, 56D, EV 96.2 MPH) Zack Guillen to second
|
|
Batting: RHB Andy Solorzano
|
0-0: Foul Ball, location: 2F 0-1: Ball 1-1: Foul Ball, location: 2F 1-2: Ball 2-2: Ball 3-2: 3-RUN HOME RUN (Flyball, 78XD, EV 101.9 MPH), Distance : 393 ft
|
|
Batting: RHB Justin Pellman
|
0-0: Ball 1-0: Reached on error, E1 (Groundball, 15S, EV 64.4 MPH)
|
|
Batting: RHB Chris Kinder
|
0-0: Ball 1-0: Foul Ball, location: 2F 1-1: Ball 2-1: Ball 3-1: SINGLE (Groundball, 56D, EV 98.1 MPH) Justin Pellman to second
|
|
Batting: LHB Steve Gilliam
|
0-0: Ball 1-0: Ball 2-0: Called Strike 2-1: Ball 3-1: Base on Balls Justin Pellman to third Chris Kinder to second
|
|
Batting: RHB Ryan Rinaldi
|
0-0: Ball Wild Pitch! Justin Pellman scores Chris Kinder to third Steve Gilliam to second 1-0: Called Strike 1-1: Ball 2-1: Called Strike 2-2: Foul Ball, location: 2F 2-2: Foul Ball, location: 2F 2-2: Ball 3-2: Base on Balls
|
|
Batting: RHB Ernest Olkowicz
|
0-0: Ball 1-0: Ball 2-0: Foul Ball, location: 2F 2-1: Called Strike 2-2: Strikes out looking
|
| Bottom of the 5th over - 4 runs, 3 hits, 2 errors, 3 left on base; Kane County 0 - Hartford 16 |
| TOP OF THE 6TH |
|
Kane County Cougars batting - Pitching for Hartford Yard Goats : LHP Marc Eismann
|
|
Batting: LHB Tae-geun Kwang
|
0-0: Called Strike 0-1: Called Strike 0-2: Ball 1-2: Ground out 5-3 (Groundball, 5, EV 110.0 MPH)
|
|
Batting: LHB Omar Marquez
|
0-0: Foul Ball, location: 2F 0-1: Ball 1-1: Ball 2-1: Ball 3-1: Foul Ball, location: 2F 3-2: Strikes out swinging
|
|
Batting: RHB Ernesto Zamora
|
0-0: Ball 1-0: Fly out, F8 (Line Drive, 8LM, EV 97.5 MPH)
|
| Top of the 6th over - 0 runs, 0 hits, 0 errors, 0 left on base; Kane County 0 - Hartford 16 |
| BOTTOM OF THE 6TH |
|
Hartford Yard Goats batting - Pitching for Kane County Cougars : LHP Steve Machol
|
|
Pitching: RHP Tom Alatas
|
|
|
Batting: LHB Zack Guillen
|
0-0: Foul Ball, location: 2F 0-1: Called Strike 0-2: Strikes out looking
|
|
Batting: SHB Pete Perla
|
0-0: Ball 1-0: Foul Ball, location: 2F 1-1: Foul Ball, location: 2F 1-2: Ball 2-2: Fly out, F1 (Popup, 15, EV 75.0 MPH)
|
|
Batting: SHB Morgan Batson
|
0-0: Ball 1-0: Ball 2-0: Ball 3-0: Base on Balls
|
|
Batting: RHB Andy Solorzano
|
0-0: Ball 1-0: Called Strike 1-1: Ball 2-1: Ball 3-1: Base on Balls Morgan Batson to second
|
|
Batting: RHB Justin Pellman
|
0-0: Called Strike 0-1: Ball 1-1: Ball 2-1: Ball Passed Ball! Morgan Batson to third Andy Solorzano to second 3-1: Swinging Strike 3-2: Foul Ball, location: 2F 3-2: Base on Balls
|
|
Pitching: RHP Dan Thompson
|
|
|
Batting: RHB Chris Kinder
|
0-0: Ball 1-0: Ball 2-0: DOUBLE (Line Drive, 89D, EV 102.5 MPH) Morgan Batson scores Andy Solorzano scores Justin Pellman to third Runner from 3rd tries for Home, SAFE, throw by RF to trailing runner, SAFE at third!
|
|
Batting: LHB Steve Gilliam
|
0-0: Ball 1-0: Swinging Strike 1-1: Ball 2-1: Ball 3-1: Base on Balls
|
|
Batting: RHB Ryan Rinaldi
|
0-0: Called Strike 0-1: Swinging Strike 0-2: Ground out 3-1 (Groundball, 34, EV 104.4 MPH)
|
| Bottom of the 6th over - 3 runs, 1 hit, 0 errors, 2 left on base; Kane County 0 - Hartford 19 |
| TOP OF THE 7TH |
|
Kane County Cougars batting - Pitching for Hartford Yard Goats : LHP Marc Eismann
|
|
Batting: RHB Larry Hardman
|
0-0: Called Strike 0-1: Foul Ball, location: 2F 0-2: Ball 1-2: Ball 2-2: Ball 3-2: Strikes out looking
|
|
Batting: RHB Paul Schreiber
|
0-0: Called Strike 0-1: Foul Ball, location: 2F 0-2: Foul Ball, location: 2F 0-2: Fly out, F8 (Flyball, 8RXD, EV 98.1 MPH)
|
|
Batting: SHB Evan Armagost
|
0-0: Ball 1-0: Called Strike 1-1: Foul Ball, location: 2F 1-2: Foul Ball, location: 2F 1-2: Strikes out swinging
|
| Top of the 7th over - 0 runs, 0 hits, 0 errors, 0 left on base; Kane County 0 - Hartford 19 |
| BOTTOM OF THE 7TH |
|
Hartford Yard Goats batting - Pitching for Kane County Cougars : RHP Dan Thompson
|
|
Batting: RHB Ernest Olkowicz
|
0-0: Ball 1-0: Called Strike 1-1: SINGLE (Line Drive, 9LS, EV 103.1 MPH)
|
|
Batting: LHB Zack Guillen
|
0-0: Ball 1-0: Fly out, F8 (Flyball, 8LM, EV 96.9 MPH)
|
|
Batting: SHB Pete Perla
|
0-0: Ball 1-0: Called Strike 1-1: Fielders Choice at 2nd, 1-4 (Groundball, 25, EV 75.0 MPH)
|
|
Pitching: RHP Jason Hammons
|
|
|
Batting: SHB Morgan Batson
|
0-0: Ball 1-0: Foul Ball, location: 2F 1-1: Ball 2-1: Swinging Strike 2-2: 2-RUN HOME RUN (Flyball, 89XD, EV 108.8 MPH), Distance : 409 ft
|
|
Batting: RHB Andy Solorzano
|
0-0: Ball 1-0: Ball 2-0: Called Strike 2-1: DOUBLE (Line Drive, 78M, EV 111.9 MPH)
|
|
Batting: RHB Justin Pellman
|
0-0: Foul Ball, location: 2F 0-1: Swinging Strike 0-2: Ball 1-2: Ball 2-2: Ball 3-2: Foul Ball, location: 2F 3-2: Foul Ball, location: 2F 3-2: Foul Ball, location: 2F 3-2: Foul Ball, location: 2F 3-2: Ground out 5-3 (Groundball, 56S, EV 80.6 MPH)
|
| Bottom of the 7th over - 2 runs, 3 hits, 0 errors, 1 left on base; Kane County 0 - Hartford 21 |
| TOP OF THE 8TH |
|
Kane County Cougars batting - Pitching for Hartford Yard Goats : LHP Marc Eismann
|
|
Batting: RHB Sergio Manzanero
|
0-0: Swinging Strike 0-1: Ground out 5-3 (Groundball, 56, EV 85.6 MPH)
|
|
Batting: LHB Enrique Ponce
|
0-0: Ball 1-0: SOLO HOME RUN (Flyball, 7LD, EV 92.5 MPH), Distance : 344 ft
|
|
Batting: LHB Jeff Harmon
|
0-0: Ball 1-0: Foul Ball, location: 2F 1-1: Ball 2-1: Foul Ball, location: 2F 2-2: Foul Ball, location: 2F 2-2: Ball 3-2: Ground out 1-3 (Groundball, 34S, EV 70.0 MPH)
|
|
Batting: LHB Tae-geun Kwang
|
0-0: Fly out, F7 (Line Drive, 7S, EV 92.5 MPH)
|
| Top of the 8th over - 1 run, 1 hit, 0 errors, 0 left on base; Kane County 1 - Hartford 21 |
| BOTTOM OF THE 8TH |
|
Hartford Yard Goats batting - Pitching for Kane County Cougars : RHP Jason Hammons
|
|
Pitching: RHP John Petersen
|
|
|
Batting: RHB Chris Kinder
|
0-0: Ball 1-0: Called Strike 1-1: Ball 2-1: Foul Ball, location: 2F 2-2: Ball 3-2: Foul Ball, location: 2F 3-2: Foul Ball, location: 2F 3-2: Foul Ball, location: 2F 3-2: Base on Balls
|
|
Batting: LHB Steve Gilliam
|
0-0: Called Strike 0-1: Swinging Strike 0-2: Ball 1-2: Strikes out swinging
|
|
Pinch Hitting: RHB Nick Rang
|
0-0: Ball 1-0: Ball 2-0: Called Strike 2-1: Ball 3-1: Base on Balls Chris Kinder to second
|
|
Pitching: RHP Chad Mendoza
|
|
|
Batting: RHB Ernest Olkowicz
|
0-0: Called Strike 0-1: Ball 1-1: Ball 2-1: Called Strike 2-2: Ball 3-2: Base on Balls Chris Kinder to third Nick Rang to second
|
|
Batting: LHB Zack Guillen
|
0-0: Called Strike 0-1: Ball 1-1: GRAND SLAM HOME RUN (Flyball, 9D, EV 97.5 MPH), Distance : 371 ft
|
|
Batting: SHB Pete Perla
|
0-0: Ball 1-0: Reached on error, E4 (Groundball, 4, EV 98.1 MPH)
|
|
Batting: SHB Morgan Batson
|
0-0: Ball 1-0: Foul Ball, location: 2F 1-1: Ball 2-1: Ball 3-1: Foul Ball, location: 2F 3-2: Base on Balls Pete Perla to second
|
|
Batting: RHB Andy Solorzano
|
0-0: Ball 1-0: Ball 2-0: Ball 3-0: Base on Balls Pete Perla to third Morgan Batson to second
|
|
Batting: RHB Justin Pellman
|
0-0: Ball 1-0: Swinging Strike 1-1: Foul Ball, location: 2F 1-2: Strikes out swinging
|
|
Batting: RHB Chris Kinder
|
0-0: Ball 1-0: Ball 2-0: Called Strike 2-1: SINGLE (Line Drive, 3L, EV 100.6 MPH) Pete Perla scores Morgan Batson to third Andy Solorzano to second Runner from 3rd tries for Home, SAFE, throw by RF to home
|
|
Batting: LHB Steve Gilliam
|
0-0: Foul Ball, location: 2F 0-1: Foul Ball, location: 2F 0-2: Ball 1-2: Reached on error, E5 (Groundball, 56, EV 101.9 MPH) Andy Solorzano to third Chris Kinder to second
|
|
Batting: RHB Nick Rang
|
0-0: Swinging Strike 0-1: Ball 1-1: Ball 2-1: SINGLE (Flyball, 89M, EV 96.2 MPH) Andy Solorzano scores Chris Kinder to third Steve Gilliam to second
|
|
Pitching: LHP Ryan Cole
|
|
|
Batting: RHB Ernest Olkowicz
|
0-0: Called Strike 0-1: Foul Ball, location: 2F 0-2: Ball 1-2: Ball 2-2: Reached on error, E5 (Groundball, 56, EV 106.9 MPH) Chris Kinder scores Steve Gilliam to third Nick Rang to second
|
|
Batting: LHB Zack Guillen
|
0-0: Ball 1-0: Foul Ball, location: 2F 1-1: Fly out, F5 (Popup, 5SF, EV 75.0 MPH)
|
| Bottom of the 8th over - 8 runs, 3 hits, 3 errors, 3 left on base; Kane County 1 - Hartford 29 |
| TOP OF THE 9TH |
|
Kane County Cougars batting - Pitching for Hartford Yard Goats : LHP Marc Eismann
|
|
Now at 2B: Nick Rang
|
|
|
Batting: LHB Omar Marquez
|
0-0: Called Strike 0-1: Ball 1-1: Ball 2-1: DOUBLE (Line Drive, 7LM, EV 100.0 MPH)
|
|
Batting: RHB Ernesto Zamora
|
0-0: Ball Wild Pitch! Omar Marquez to third 1-0: Ball 2-0: Foul Ball, location: 2F 2-1: 2-RUN HOME RUN (Flyball, 7LD, EV 95.6 MPH), Distance : 354 ft
|
|
Batting: RHB Larry Hardman
|
0-0: Called Strike 0-1: Ball 1-1: Ball 2-1: SINGLE (Flyball, 6D, EV 89.4 MPH)
|
|
Pitching: RHP Mike Clark
|
|
|
Batting: RHB Paul Schreiber
|
0-0: Ball 1-0: Called Strike 1-1: Swinging Strike 1-2: Ball 2-2: Strikes out looking
|
|
Batting: SHB Evan Armagost
|
0-0: Swinging Strike 0-1: Foul Ball, location: 2F 0-2: Foul Ball, location: 2F 0-2: Ball 1-2: Strikes out looking
|
|
Batting: RHB Sergio Manzanero
|
0-0: Ball 1-0: TRIPLE (Flyball, 89XD, EV 103.8 MPH) Larry Hardman scores
|
|
Batting: LHB Enrique Ponce
|
0-0: Foul Ball, location: 2F 0-1: Ball 1-1: Called Strike 1-2: Foul Ball, location: 2F 1-2: Foul Ball, location: 2F 1-2: Strikes out swinging
|
| Top of the 9th over - 3 runs, 4 hits, 0 errors, 1 left on base; Kane County 4 - Hartford 29 |
|